 Dungeon Crawl Stone Soup version 0.18-a0-965-g9200175 (webtiles) character file.

14072 root the Thaumaturge (level 11, -2/82 HPs)
             Began as a Purple Draconian Fire Elementalist on Jan 1, 2016.
             Was a Priest of Vehumet.
             Slain by a minotaur
             ... wielding a +1 vampiric demon blade
              (9 damage)
             ... in a labyrinth on Jan 2, 2016.
             The game lasted 01:37:20 (16078 turns).

root the Thaumaturge (DrFE)                        Turns: 16078, Time: 01:37:20

Health: -2/82      AC: 11    Str: 10    XL:     11   Next: 83%
Magic:  10/25      EV: 15    Int: 19    God:    Vehumet [***...]
Gold:   506        SH:  0    Dex: 12    Spells: 5 memorised, 19 levels left

rFire  . . .     SeeInvis .     B - staff of poison
rCold  . . .     Gourm    +     (armour unavailable)
rNeg   . . .     Faith    .     (no shield)
rPois  +         Spirit   .     U - +2 hat
rElec  .         Dismiss  .     (no cloak)
rCorr  .         Reflect  .     F - +0 pair of gloves
SustAt .         Harm     .     e - +0 pair of boots
MR     +....                    g - amulet of the gourmand
Stlth  ++........               (no ring)
                                (no ring)

@: very slightly contaminated, hasted (expiring), studying Stealth, very quick,
somewhat resistant to hostile enchantments, unstealthy
A: breathe power, unfitting armour, cold-blooded, AC +7
a: Breathe Dispelling Energy, Renounce Religion


You were in a labyrinth.
You worshipped Vehumet.
Vehumet was most pleased with you.
You were not hungry.

You visited 3 branches of the dungeon, and saw 13 of its levels.
You also visited: Labyrinth.

You collected 506 gold pieces.

Inventory:

Hand Weapons
 y - a +2 whip of freezing
Missiles
 f - 74 poisoned needles
Armour
 e - a +0 pair of boots (worn)
 n - a +0 pair of boots
 F - a +0 pair of gloves (worn)
 N - a +0 shield
 U - a +2 hat (worn)
Magical Staves
 B - an uncursed staff of poison (weapon)
Jewellery
 g - an amulet of the gourmand (around neck)
Wands
 u - a wand of digging (16/24)
 C - a wand of disintegration (11/24)
 I - a wand of digging (12/24)
 J - a wand of slowing (29/48)
 O - a wand of fire (7/15)
 Q - a wand of confusion (29/48)
 T - a wand of paralysis (15/24)
Scrolls
 i - 5 scrolls of enchant weapon
 k - a scroll of enchant armour
 m - 6 scrolls of remove curse
 t - 6 scrolls of teleportation
 z - a scroll of fog {unknown}
 E - 2 scrolls of immolation {unknown}
 K - 2 scrolls of fear {unknown}
 M - a scroll of recharging {unknown}
 P - a scroll of blinking {unknown}
Potions
 d - a potion of cancellation {unknown}
 j - a potion of ambrosia {unknown}
 o - 2 potions of haste
 p - a potion of curing
 v - a potion of might {unknown}
 A - a potion of magic {unknown}
 D - a potion of poison {unknown}
 G - a potion of cure mutation {unknown}
 L - 3 potions of agility
 W - a potion of flight {unknown}
Books
 a - a book of Flames

   Spells                             Type                      Level
   a - Flame Tongue                   Conjuration/Fire             1
   b - Throw Flame                    Conjuration/Fire             2
   c - Conjure Flame                  Conjuration/Fire             3
   d - Inner Flame                    Hexes/Fire                   3
   e - Sticky Flame                   Conjuration/Fire             4
   f - Fireball                       Conjuration/Fire             5
 q - a book of Frost

   Spells                             Type                      Level
   a - Freeze                         Ice                          1
   b - Throw Frost                    Conjuration/Ice              2
   c - Ozocubu's Armour               Charms/Ice                   3
   d - Throw Icicle                   Conjuration/Ice              4
   e - Summon Ice Beast               Ice/Summoning                4
   f - Condensation Shield            Ice                          4
 H - a book of the Tempests

   Spells                             Type                      Level
   a - Static Discharge               Conjuration/Air              3
   b - Lightning Bolt                 Conjuration/Air              5
   c - Fireball                       Conjuration/Fire             5
   d - Tornado                        Air                          9
   e - Shatter                        Earth                        9
 R - a manual of Stealth
Miscellaneous
 r - an ornate deck of escape {the Alchemist}
Comestibles
 b - 7 bread rations
 c - 10 meat rations
 h - a royal jelly
 l - 33 fruits
 s - 4 slices of pizza
 w - 2 beef jerkies


   Skills:
 + Level 3.4 Fighting
 * Level 4.7 Staves
 * Level 6.3 Dodging
 - Level 1.7 Stealth
 + Level 10.9 Spellcasting
 + Level 8.5 Conjurations
 * Level 4.4 Hexes
 + Level 9.2 Fire Magic
 + Level 6.5 Evocations


You had 19 spell levels left.
You knew the following spells:

 Your Spells              Type           Power        Failure   Level  Hunger
a - Flame Tongue          Conj/Fire      #####        1%          1    None
b - Conjure Flame         Conj/Fire      #####...     1%          3    None
c - Sticky Flame          Conj/Fire      #####...     1%          4    ##.....
d - Magic Dart            Conj           ####         1%          1    None
e - Dazzling Spray        Conj/Hex       #####...     1%          3    None


Dungeon Overview and Level Annotations

Branches:
Dungeon (9/15)             Temple (1/1) D:5            Lair (3/8) D:9
 Shoals (0/4) Lair:3          Orc (0/2) D:9
  Snake: Lair:3-6    Spider: Lair:3-6

Altars:
Ashenzari
Cheibriados
Dithmenos
Elyvilon
Fedhas
Gozag
Kikubaaqudgha
Makhleb
Nemelex Xobeh
Okawaru
Pakellas
Qazlal
Ru
Sif Muna
Trog
Vehumet
Xom
Yredelemnul
Zin
The Shining One

Annotations:
D:6 exclusion: oklob plant


Innate Abilities, Weirdness & Mutations

You can breathe bolts of dispelling energy.
Your rich purple scales are hard (AC +7).
Your body does not fit into most forms of armour.
You are cold-blooded and may be slowed by cold attacks.


Message History

The minotaur misses you. The minotaur completely misses you.
The minotaur burns!
You see here a poisoned arrow.
You see here a poisoned arrow.
Your extra speed is starting to run out.
You see here a poisoned arrow.
Casting: Sticky Flame
Confirm with . or Enter, or press ? or * to list all spells.
Aiming: Sticky Flame
Press: ? - help, Shift-Dir - straight line, f/p - minotaur
Aim: a minotaur, wielding a vampiric demon blade and wearing a silken robe (severely wounded)
The sticky flame hits the minotaur.
The minotaur is almost dead.
The minotaur is covered in liquid flames!
The minotaur burns!
The minotaur hits you with an uncursed vampiric demon blade!!
* * * LOW HITPOINT WARNING * * *
The minotaur draws strength from your injuries!
The minotaur gores you!
You die...

#. .. ..# ..#
# .. # # #.# #
# %8 .8#.# # .
# H... .#.# .
.# #(#.#
.#########§..#
#
........H.###
#
#......@#...#
#.
##...###.#H###
.≈. ≈ #...# #
.≈≈ ..≈#.###
....≈.. ..≈#
.≈≈≈.≈.≈#.
#≈.≈⌠≈.≈≈...#
# .≈≈≈≈[...#
#. .≈$≈≈..# ..


You could see a minotaur (burning).

Vanquished Creatures
  Pikel (D:6)
  A black mamba (Lair:1)
  3 spiny frogs
  2 komodo dragons
  10 blink frogs
  Prince Ribbit (D:6)
  2 shadows (Lab)
  3 wraiths (D:8)
  19 yaks
  2 basilisks
  3 hippogriffs
  A mottled dragon (D:8)
  2 water moccasins
  6 porcupines (Lair:1)
  Duvessa (D:6)
  2 ice beasts
  A sky beast (D:9)
  A slave (D:6)
  A phantom (D:4)
  A wasp (D:9)
  A necrophage (D:8)
  4 ogres
  An eye of draining (D:8)
  A centaur (D:6)
  2 crocodiles
  8 giant frogs
  Dowan (D:6)
  2 wyvern skeletons
  A scorpion (D:6)
  11 wights
  4 electric eels (Lair:2)
  A crimson imp (D:7)
  4 hounds
  A quasit (Lair:1)
  A gnoll shaman (D:3)
  5 human zombies (D:8)
  4 orc priests
  A human skeleton (D:8)
  3 jellies
  11 orc wizards
  3 centaur skeletons
  Ijyb (D:3)
  6 iguanas
  9 worker ants
  8 sheep (Lair:1)
  A hound skeleton (D:4)
  2 mummies (D:8)
  Robin (D:3)
  12 gnolls
  13 adders
  15 river rats
  A shadow imp (D:7)
  4 oozes
  An adder zombie (D:5)
  8 worms
  9 giant geckos
  32 orcs
  5 ball pythons
  8 giant cockroaches
  13 goblins
  13 hobgoblins
  10 jackals
  7 kobolds
  5 quokkas
  9 bats
  6 giant newts
  A jackal skeleton (D:5)
  A quokka skeleton (D:4)
  8 rats
342 creatures vanquished.

Vanquished Creatures (others)
  2 slaves (D:6)
  4 orcs (D:6)
  2 fungi (Lair:1)
  A plant (Lair:2)
9 creatures vanquished.

Grand Total: 351 creatures vanquished

Notes
Turn   | Place    | Note
--------------------------------------------------------------
     0 | D:1      | root the Draconian Fire Elementalist began the quest for the Orb.
     0 | D:1      | Reached XP level 1. HP: 14/14 MP: 3/3
   270 | D:1      | Reached XP level 2. HP: 20/20 MP: 0/5
   636 | D:1      | Reached XP level 3. HP: 26/26 MP: 2/6
   925 | D:1      | Learned a level 3 spell: Conjure Flame
  1539 | D:2      | Reached XP level 4. HP: 33/33 MP: 3/7
  1977 | D:2      | Reached skill level 4 in Fire Magic
  2386 | D:2      | Found a snail-covered altar of Cheibriados.
  2639 | D:3      | Found an oddly glowing altar of Pakellas.
  2678 | D:3      | Noticed Ijyb
  2683 | D:3      | Killed Ijyb
  2683 | D:3      | Reached XP level 5. HP: 38/38 MP: 4/9
  3238 | D:3      | Noticed Robin
  3448 | D:3      | Killed Robin
  3455 | D:3      | Reached XP level 6. HP: 34/45 MP: 5/11
  4092 | D:3      | Reached skill level 5 in Spellcasting
  4092 | D:3      | Your scales start taking on a rich purple colour.
  4092 | D:3      | Reached XP level 7. HP: 41/50 MP: 2/14
  4395 | D:4      | Reached skill level 5 in Fire Magic
  4907 | D:5      | Entered Level 5 of the Dungeon
  4910 | D:5      | Reached skill level 1 in Fighting
  5644 | D:5      | Learned a level 4 spell: Sticky Flame
  5650 | D:5      | Found a staircase to the Ecumenical Temple.
  5665 | D:5      | Reached skill level 6 in Spellcasting
  5673 | Temple   | Entered the Ecumenical Temple
  5892 | Temple   | Became a worshipper of Vehumet
  5947 | D:5      | Reached XP level 8. HP: 53/59 MP: 12/17
  6063 | D:5      | Reached skill level 1 in Evocations
  6266 | D:6      | Noticed Duvessa
  6291 | D:6      | Killed Duvessa
  6306 | D:6      | Noticed Dowan
  6326 | D:6      | Killed Dowan
  6603 | D:6      | Found a shimmering altar of Xom.
  6605 | D:6      | Noticed an oklob plant
  6974 | D:6      | Noticed Prince Ribbit
  6983 | D:6      | Killed Prince Ribbit
  6983 | D:6      | Reached skill level 5 in Conjurations
  7128 | D:6      | Found a blossoming altar of Fedhas.
  7197 | D:6      | Noticed Pikel
  7199 | D:6      | Reached skill level 7 in Spellcasting
  7208 | D:6      | Killed Pikel
  7208 | D:6      | Reached XP level 9. HP: 47/67 MP: 5/20
  7309 | D:6      | Found a glowing silver altar of Zin.
  7711 | D:7      | Reached * piety under Vehumet
  7711 | D:7      | Offered knowledge of Magic Dart by Vehumet.
  8045 | D:6      | Learned a level 1 spell: Magic Dart
  8287 | D:7      | Reached skill level 8 in Spellcasting
  9261 | D:8      | Found a blossoming altar of Fedhas.
  9360 | D:8      | Found a deep blue altar of Sif Muna.
  9568 | D:8      | Reached skill level 5 in Evocations
  9576 | D:8      | Reached skill level 5 in Dodging
 10003 | D:8      | Reached XP level 10. HP: 69/74 MP: 15/22
 10123 | D:8      | Found an ancient bone altar of Kikubaaqudgha.
 10188 | D:8      | Offered knowledge of Freeze by Vehumet.
 10442 | D:8      | Found a shimmering altar of Xom.
 10752 | D:9      | Reached ** piety under Vehumet
 10799 | D:9      | Found an opulent altar of Gozag.
 10847 | D:9      | Reached skill level 9 in Spellcasting
 11121 | D:9      | Found a staircase to the Orcish Mines.
 11259 | D:9      | Found a staircase to the Lair.
 11268 | Lair:1   | Entered Level 1 of the Lair of Beasts
 11268 | Lair:1   | Noticed a spiny frog
 11274 | Lair:1   | Killed a spiny frog
 11543 | Lair:1   | Reached skill level 1 in Staves
 11636 | Lair:1   | Noticed a spiny frog
 11648 | Lair:1   | Killed a spiny frog
 12144 | Lair:1   | Offered knowledge of Dazzling Spray by Vehumet.
 12149 | Lair:1   | Learned a level 3 spell: Dazzling Spray
 12576 | Lair:1   | Noticed a black mamba
 12582 | Lair:1   | Killed a black mamba
 12582 | Lair:1   | Reached skill level 1 in Hexes
 12582 | Lair:1   | Reached XP level 11. HP: 69/81 MP: 11/24
 12586 | Lair:1   | Reached skill level 10 in Spellcasting
 12823 | Lair:1   | Reached *** piety under Vehumet
 13507 | Lair:1   | Offered knowledge of Fulminant Prism by Vehumet.
 15115 | Lair:2   | Reached **** piety under Vehumet
 15697 | Lair:3   | Found a labyrinth entrance.
 15706 | Lab      | Entered a labyrinth
 16044 | Lab      | Noticed a minotaur
 16078 | Lab      | Slain by a minotaur

Vault maps used:
D:1:      lemuel_arrival_behind_the_door_small
D:2:      lemuel_doored_altar
D:3:      first_bread, hangedman_glass_teeth, grunt_pakellas_sulfur, uniq_robin,
          uniq_iyjb, uniq_crazy_yiuf_cottage
D:5:      minmay_temple_entry_overgrown
D:6:      nicolae_overflow_crystal_walls, lemuel_crystal_altar,
          minmay_bad_closet, lemuel_oklob_altar, uniq_pikel,
          uniq_prince_ribbit1, uniq_duvessa
D:8:      lemuel_round_altar, tgw_xom, hangedman_decor_opposing,
          hangedman_tree_tricks, mrwooster_statue_mirror,
          lemuel_mausoleum_altar_kikubaaqudgha
D:9:      lemuel_round_altar, lair_0_dummy, orc_0_dummy
Temple:   minmay_temple_curvy_14
Lair:1:   beast_lair_carwin_9
Lair:2:   disabler_island, infiniplex_staircase_pool
Lair:3:   minmay_shoals_entry_centaurs, lab_entry_generic
Lab:      nicolae_lab_dead_adventurers, nicolae_lab_hexagon,
          nicolae_lab_big_swirl, nicolae_lab_grate, nicolae_lab_grate_2,
          labyrinth_glass_1, nicolae_lab_flowing_pool, nicolae_lab_very_dead_end

Action                   |  1- 3 |  4- 6 |  7- 9 | 10-12 || total
-------------------------+-------+-------+-------+-------++-------
Melee: Unarmed           |     1 |       |     1 |       ||     2
       Staff             |       |       |    11 |    18 ||    29
 Cast: Flame Tongue      |    85 |   166 |   304 |   292 ||   847
       Conjure Flame     |       |       |     5 |    24 ||    29
       Sticky Flame      |       |       |    16 |    55 ||    71
       Magic Dart        |       |       |    36 |    70 ||   106
       Dazzling Spray    |       |       |       |    18 ||    18
 Abil: Breathe Dispellin |       |       |    14 |     2 ||    16
  Use: Scroll            |       |       |       |    13 ||    13
       Potion            |       |       |       |     3 ||     3
  Eat: Chunk             |     3 |     8 |    22 |    24 ||    57
       Fruit             |       |       |     1 |       ||     1
